 Dungeon Crawl Stone Soup version 0.22-a0-3-g4fa69d9 (webtiles) character file.

87089 Lavandula the Eclecticist (level 15, -7/92 HPs)
             Began as a Deep Elf Conjurer on Jan 1, 2018.
             Killed from afar by Nikola (19 damage)
             ... with a chain lightning
             ... on level 2 of the Depths.
             The game lasted 01:43:09 (21201 turns).

Lavandula the Eclecticist (Deep Elf Conjurer)      Turns: 21201, Time: 01:43:09

Health: -7/92      AC: 18    Str:  6    XL:     15   Next: 42%
Magic:  12/37      EV: 18    Int: 31    God:
Gold:   911        SH:  5    Dex: 15    Spells: 6/46 levels left

rFire    . . .     SeeInvis .   m - +3 dagger (venom)
rCold    . . .     Gourm    .   g - +0 buckler
rNeg     . . .     Faith    .   I - +2 faerie dragon scales {*Corrode +Inv rCorr Slay+5 Stlth+ Clar}
rPois    +         Spirit   .   H - +2 helmet
rElec    .         Reflect  .   N - +2 cloak
rCorr    +         Harm     .   (no gloves)
MR       +++..     Clarity  +   (no boots)
Stlth    ++++......             v - amulet of magic regeneration
HPRegen  0.25/turn              b - +5 ring of intelligence
MPRegen  0.50/turn              X - ring of protection from magic

@: about to teleport, death channel, very slightly contaminated
A: yellow scales 1, magic resistance 1, poison resistance, sturdy frame 1
a: Evoke Invisibility


You were on level 2 of the Depths.
You were not hungry.

You visited 2 branches of the dungeon, and saw 17 of its levels.

You collected 1266 gold pieces.
You spent 355 gold pieces at shops.

Inventory:

Hand Weapons
 m - a +3 dagger of venom (weapon)
 U - a +0 blowgun
Missiles
 D - 3 throwing nets (quivered)
 V - 16 curare-tipped needles
Armour
 g - a +0 buckler (worn)
 H - a +2 helmet (worn)
 I - the +2 faerie dragon scales (worn) {*Corrode +Inv rCorr Slay+5 Stlth+ Clar}
   (You took it off the Enchantress on level 1 of the Depths)

   It affects your accuracy and damage with ranged weapons and melee attacks
   (+5).
   It lets you turn invisible.
   It protects you against confusion.
   It protects you from acid and corrosion.
   It may corrode you when you take damage.
   It makes you more stealthy.
 N - a +2 cloak (worn)
 R - a +0 troll leather armour
 Z - a +2 robe of magic resistance
Magical Staves
 M - an uncursed staff of cold
Jewellery
 b - a +5 ring of intelligence (left hand)
 l - an uncursed ring of see invisible
 v - an amulet of magic regeneration (around neck)
 X - a ring of protection from magic (right hand)
Wands
 a - a wand of enslavement (16)
 o - a wand of polymorph (14)
 w - a wand of flame (82)
 y - a wand of acid (2)
 B - a wand of iceblast (30)
 G - a wand of paralysis (15)
 K - a wand of disintegration (5)
 T - a wand of digging (14)
Scrolls
 d - 3 scrolls of blinking
 i - 4 scrolls of remove curse
 j - 2 scrolls of magic mapping
 p - 2 scrolls of enchant armour
 s - a scroll of fog
 t - 2 scrolls of fear
 u - 2 scrolls of immolation
 A - 2 scrolls of teleportation
Potions
 e - 2 potions of brilliance
 h - 9 potions of curing
 k - 5 potions of agility
 n - 7 potions of lignification
 q - a potion of degeneration {unknown}
 r - 4 potions of heal wounds
 x - a potion of invisibility
 z - a potion of berserk rage
 C - a potion of magic
 E - 3 potions of haste
 W - a potion of resistance
Books
 f - a book of Frost

   Spells                             Type                      Level
   a - Freeze                         Ice                          1
   b - Throw Frost                    Conjuration/Ice              2
   c - Ozocubu's Armour               Charms/Ice                   3
   d - Throw Icicle                   Conjuration/Ice              4
   e - Summon Ice Beast               Ice/Summoning                4
Comestibles
 c - 15 rations


   Skills:
 + Level 10.3 Fighting
 - Level 7.0 Armour
 - Level 12.0 Dodging
 - Level 8.0 Stealth
 - Level 5.0 Shields
 - Level 16.3 Spellcasting
 - Level 9.3 Conjurations
 - Level 3.0 Hexes
 - Level 9.8 Necromancy
 - Level 2.4 Fire Magic
 - Level 4.6 Earth Magic
 - Level 10.1 Evocations


You had 6 spell levels left.
You knew the following spells:

 Your Spells              Type           Power        Failure   Level  Hunger
a - Magic Dart            Conj           ####         1%          1    None
b - Searing Ray           Conj           ######       1%          2    None
c - Dazzling Spray        Conj/Hex       ######       1%          3    None
d - Ozocubu's Armour      Chrm/Ice       ####....     6%          3    None
e - Fulminant Prism       Conj/Hex       ######....   1%          4    None
f - Force Lance           Conj/Tloc      ######..     3%          4    None
g - Regeneration          Chrm/Necr      ######....   1%          3    None
h - Animate Skeleton      Necr           N/A          1%          1    None
i - Borgnjor's Vile Clut  Necr/Erth      ######....   3%          5    None
j - Death Channel         Necr           ######....   5%          6    ##.....
k - Blink                 Tloc           N/A          3%          2    None
l - Conjure Flame         Conj/Fire      ######..     1%          3    None
m - Mephitic Cloud        Conj/Pois/Air  #####...     1%          3    None


Dungeon Overview and Level Annotations

Branches:
Dungeon (15/15)            Temple (0/1) D:7            Lair (0/6) D:8
    Orc (0/2) D:10         Vaults (0/5) D:14         Depths (2/5) D:15

Altars:
Cheibriados
Nemelex Xobeh
The Shining One

Shops:
D:10 [   D:14 (=:   D:15 :

Portals:
Hell: Depths:1
Pandemonium: Depths:1

Annotations:
D:5 Squigly's ghost, novice MiBe
D:12 Nessos
D:15 Louise
Depths:2 Nikola


Innate Abilities, Weirdness & Mutations

You are partially covered in yellow scales. (AC +2)
You are resistant to hostile enchantments. (MR+)
Your system is resistant to poisons. (rPois)
Your movements are slightly less encumbered by armour. (ER -2)


Message History

Unknown command.
Unknown command.
Unknown command.
Unknown command.
As you read the scroll of teleportation, it crumbles to dust.
You feel strangely unstable.
The zombie hands constrict the purple very ugly thing!!
The zombie hands constrict the iron troll.
You kill the iron troll!
A glowing mist starts to gather...
The troll leather armour is intact enough to wear.
The zombie hands constrict the fire giant!!
Nikola yells, "Danger!
Danger!
High voltage!"
Nikola gestures wildly while chanting.
You hear a mighty clap of thunder!
The lightning arc hits you!
The lightning arc hits Nikola.
The lightning arc hits you!
* * * LOW HITPOINT WARNING * * *
The lightning arc hits Nikola.
The lightning arc hits you!
You die...

............ ##### #####...
...........# #...###...##..
...........# #.#.....#.##..
...........###...###...##..
.............##.##.##.##...
....................#<#...#.#....
............[.......###[.........
........[.[......................
C.=.........Z.>.@............####
.........uZ.........[.@......#
....c....C...................#
.............................#
<...................^.......## #
###.#####.#####..##.#.......# #
#. ##.#..###....## # . #.+.⌠.
##...# ## #.... ##.## #.


You could see Nikola, a purple very ugly thing, a fire giant, a friendly
spectral iron troll and a friendly spectral deep troll shaman.

Vanquished Creatures
  the Enchantress (Depths:1)
  A stone giant (Depths:1)
  2 very ugly things (Depths:1)
  2 spriggan defenders (Depths:1)
  A spark wasp (Depths:2)
  A hydra (D:15)
  2 ice dragons
  Harold (D:12)
  A spriggan air mage (Depths:1)
  8 vault guards (D:14)
  22 two-headed ogres
  A centaur warrior (D:14)
  3 ogre magi (Depths:1)
  Erica (D:11)
  5 deep troll shamans
  2 deep troll earth magi (Depths:1)
  Sonja (D:11)
  4 skeletal warriors (D:15)
  An iron troll (Depths:2)
  3 unseen horrors
  A deep troll (Depths:1)
  2 wolf spider zombies
  4 deep elf magi
  16 ugly things
  Maurice (D:8)
  A manticore (D:9)
  2 centaur zombies (D:12)
  A gargoyle (D:6)
  A naga mage (D:15)
  A komodo dragon (D:15)
  A yaktaur (Depths:1)
  2 trolls
  A hornet (D:12)
  A meliai zombie (D:11)
  2 slime creatures
  4 hippogriffs
  A shadow (D:14)
  A water elemental (D:11)
  11 yaks
  3 spriggans (Depths:1)
  A human (D:13)
  2 wyverns
  Sigmund (D:5)
  2 hogs (D:13)
  A hungry ghost (D:12)
  A steam dragon (D:9)
  3 wargs (D:10)
  7 vampire mosquitoes (D:12)
  The ghost of Squigly the Sneak, an amateur GnWn of Cheibriados (D:3)
  An acid dragon (D:15)
  5 orc warriors
  3 ice beasts
  A hornet zombie (D:11)
  2 sky beasts
  A black bear (D:11)
  14 centaurs
  2 boggarts (Depths:1)
  3 phantoms
  11 ogres
  3 big kobolds
  10 bullfrogs
  A gnoll sergeant (D:10)
  2 wyvern zombies
  2 scorpions
  7 electric eels (D:11)
  8 jellies
  2 howler monkeys
  8 crimson imps
  3 quasits
  A bullfrog zombie (D:6)
  6 hounds
  10 orc priests
  3 centaur skeletons
  2 bullfrog skeletons
  8 orc wizards
  4 iguanas
  6 worker ants
  2 hound skeletons
  A worker ant zombie (D:11)
  16 gnolls
  A howler monkey zombie (D:8)
  9 adders
  4 shadow imps
  A white imp (Depths:1)
  An ooze (D:4)
  2 adder zombies
  5 worms
  2 adder skeletons
  A dart slug (D:1)
  6 leopard geckos
  42 orcs
  4 giant cockroaches
  13 goblins
  9 hobgoblins
  14 jackals
  2 quokkas
  3 ball pythons
  8 bats
  6 frilled lizards
  2 jackal skeletons
  A jackal zombie (D:7)
  23 kobolds
  A leopard gecko zombie (D:6)
  2 quokka skeletons
  10 rats
  A fulminant prism (D:9)
460 creatures vanquished.

Vanquished Creatures (collateral kills)
  A sphinx (Depths:1)
  A spriggan defender (Depths:1)
  3 stone giants (Depths:1)
  5 very ugly things (Depths:1)
  2 fire dragons (Depths:1)
  A rakshasa (Depths:1)
  2 ogre magi (D:15)
  3 ice dragons (Depths:1)
  A centaur warrior (D:13)
  A deep troll earth mage (Depths:1)
  6 two-headed ogres
  2 deep troll shamans (Depths:1)
  A spriggan berserker (Depths:1)
  An iron troll (Depths:1)
  2 deep trolls
  5 ugly things (Depths:1)
  A deep elf mage (D:15)
  A centaur zombie (D:15)
  A black mamba (shapeshifter) (Depths:1)
  A troll (D:14)
  A hornet (Depths:1)
  2 slime creatures (D:13)
  A spriggan (Depths:1)
  5 water elementals (Depths:1)
  A naga (shapeshifter) (Depths:1)
  A water moccasin (shapeshifter) (Depths:1)
  A sky beast (D:15)
  A black bear (D:13)
  A tengu (shapeshifter) (Depths:1)
  2 boggarts (Depths:1)
  4 ogres
  A bullfrog (D:13)
62 creatures vanquished.

Vanquished Creatures (others)
  69 fulminant prisms
  A plant (D:11)
70 creatures vanquished.

Grand Total: 592 creatures vanquished

Notes
Turn   | Place    | Note
-------+----------+-------------------------------------------
     0 | D:1      | Lavandula the Deep Elf Conjurer began the quest for the Orb.
     0 | D:1      | Reached XP level 1. HP: 10/10 MP: 6/6
     2 | D:1      | Noticed a minotaur skeleton
    12 | D:1      | Noticed a dwarf
    14 | D:1      | Noticed a formicid
   283 | D:1      | Reached XP level 2. HP: 14/15 MP: 2/8
   345 | D:1      | Learned a level 2 spell: Searing Ray
   373 | D:1      | Reached skill level 5 in Conjurations
   890 | D:2      | Reached XP level 3. HP: 17/19 MP: 2/9
  1043 | D:2      | Learned a level 3 spell: Dazzling Spray
  1284 | D:2      | Reached XP level 4. HP: 24/24 MP: 5/11
  1395 | D:2      | Learned a level 4 spell: Iskenderun's Mystic Blast
  1442 | D:2      | Reached skill level 4 in Spellcasting
  1914 | D:3      | Reached skill level 5 in Spellcasting
  1932 | D:3      | Reached XP level 5. HP: 21/28 MP: 4/15
  2570 | D:3      | Reached skill level 6 in Spellcasting
  2602 | D:3      | Learned a level 4 spell: Fulminant Prism
  2864 | D:3      | Reached skill level 1 in Fighting
  2874 | D:3      | Noticed Squigly's ghost (amateur GnWn)
  3021 | D:3      | Reached XP level 6. HP: 34/34 MP: 9/17
  3353 | D:3      | Killed Squigly's ghost
  4255 | D:5      | Entered Level 5 of the Dungeon
  4261 | D:5      | Noticed Squigly's ghost (novice MiBe)
  4350 | D:5      | Noticed Sigmund
  4357 | D:5      | Killed Sigmund
  4357 | D:5      | Reached XP level 7. HP: 38/40 MP: 9/18
  5375 | D:5      | Reached XP level 8. HP: 21/48 MP: 9/19
  5648 | D:5      | Reached skill level 5 in Fighting
  6900 | D:6      | Learned a level 4 spell: Force Lance
  6968 | D:6      | Reached skill level 5 in Dodging
  7079 | D:6      | Noticed a gargoyle
  7552 | D:6      | You fall through a shaft for 2 floors!
  7557 | D:8      | Found a staircase to the Lair.
  7567 | D:8      | Reached skill level 1 in Shields
  7582 | D:8      | Reached XP level 9. HP: 52/54 MP: 13/20
  7889 | D:7      | Reached skill level 5 in Shields
  8186 | D:7      | Found a staircase to the Ecumenical Temple.
  8780 | D:6      | Killed a gargoyle
  8780 | D:6      | Reached skill level 7 in Spellcasting
  8865 | D:6      | Learned a level 3 spell: Regeneration
  8867 | D:6      | Learned a level 1 spell: Animate Skeleton
  8905 | D:8      | Got a smoking robe
  8919 | D:8      | Identified the cursed +0 robe of Hangman {Dex+2} (You found it on level 8 of the Dungeon)
  8990 | D:8      | Noticed a two-headed ogre
  9009 | D:8      | Killed a two-headed ogre
  9009 | D:8      | Reached skill level 9 in Spellcasting
  9013 | D:8      | Noticed Maurice
  9033 | D:7      | Learned a level 5 spell: Borgnjor's Vile Clutch
  9196 | D:8      | Reached skill level 1 in Necromancy
  9290 | D:8      | Killed Maurice
  9290 | D:8      | Reached XP level 10. HP: 59/59 MP: 12/25
  9815 | D:9      | Noticed a two-headed ogre
  9886 | D:9      | Reached skill level 1 in Earth Magic
  9887 | D:9      | Killed a two-headed ogre
 10063 | D:9      | Noticed a manticore
 10075 | D:9      | Killed a manticore
 10326 | D:9      | Noticed a two-headed ogre
 10333 | D:9      | Killed a two-headed ogre
 11136 | D:9      | Found a glowing golden altar of the Shining One.
 11309 | D:10     | Entered Level 10 of the Dungeon
 11773 | D:10     | Reached XP level 11. HP: 46/62 MP: 16/26
 12114 | D:10     | Found Zonnudap's Antique Armour Shop.
 12405 | D:10     | Reached skill level 10 in Spellcasting
 12484 | D:10     | Found a staircase to the Orcish Mines.
 12724 | D:11     | Noticed Sonja
 12727 | D:11     | Killed Sonja
 12727 | D:11     | Reached skill level 11 in Spellcasting
 12840 | D:11     | Noticed an unseen horror
 12848 | D:11     | Killed an unseen horror
 12907 | D:11     | Learned a level 6 spell: Death Channel
 12989 | D:11     | Noticed a white ugly thing
 12998 | D:11     | Killed a white ugly thing
 12998 | D:11     | Reached skill level 12 in Spellcasting
 13156 | D:11     | Noticed a cyan ugly thing
 13181 | D:11     | Killed a cyan ugly thing
 13204 | D:11     | Learned a level 2 spell: Blink
 13951 | D:11     | Reached skill level 13 in Spellcasting
 14461 | D:11     | Noticed Erica
 14487 | D:11     | Killed Erica
 15114 | D:12     | Noticed a deep elf mage
 15120 | D:12     | Killed a deep elf mage
 15121 | D:12     | Reached XP level 12. HP: 71/71 MP: 11/31
 15209 | D:12     | Reached skill level 14 in Spellcasting
 15228 | D:12     | Learned a level 3 spell: Conjure Flame
 15229 | D:12     | Noticed a two-headed ogre
 15237 | D:12     | Killed a two-headed ogre
 15288 | D:12     | Noticed Harold
 15299 | D:12     | Killed Harold
 15601 | D:12     | Noticed Nessos
 16009 | D:12     | Noticed a two-headed ogre
 16024 | D:12     | Killed a two-headed ogre
 16115 | D:12     | Gained mutation: Your movements are slightly less encumbered by armour. (ER -2) [potion of mutation]
 16115 | D:12     | Gained mutation: You are resistant to hostile enchantments. (MR+) [potion of mutation]
 16115 | D:12     | Gained mutation: Your system is resistant to poisons. (rPois) [potion of mutation]
 16115 | D:12     | Gained mutation: You are partially covered in yellow scales. (AC +2) [potion of mutation]
 16138 | D:12     | Noticed a two-headed ogre
 16144 | D:12     | Killed a two-headed ogre
 16499 | D:13     | Noticed a two-headed ogre
 16506 | D:13     | Killed a two-headed ogre
 16590 | D:13     | Noticed a centaur warrior
 16600 | D:13     | Killed a centaur warrior
 16600 | D:13     | Reached skill level 10 in Dodging
 16921 | D:13     | Found a snail-covered altar of Cheibriados.
 17426 | D:14     | Found Byosogg's Weapon Boutique.
 17430 | D:14     | Bought a throwing net for 30 gold pieces
 17442 | D:14     | Noticed a vault guard
 17442 | D:14     | Noticed a vault guard
 17443 | D:14     | Noticed a vault guard
 17443 | D:14     | Found a gate to the Vaults.
 17443 | D:14     | Noticed a vault guard
 17444 | D:14     | Noticed a vault guard
 17445 | D:14     | Noticed a vault guard
 17446 | D:14     | Noticed a vault guard
 17446 | D:14     | Noticed a vault guard
 17449 | D:14     | Killed a vault guard
 17449 | D:14     | Killed a vault guard
 17449 | D:14     | Killed a vault guard
 17449 | D:14     | Reached XP level 13. HP: 77/77 MP: 18/33
 17706 | D:14     | Found a sparkling altar of Nemelex Xobeh.
 17737 | D:14     | Found Sonnus's Jewellery Emporium.
 17807 | D:14     | Bought an uncursed ring of protection from magic for 325 gold pieces
 17838 | D:14     | Found Feogohim's Book Shoppe.
 17989 | D:14     | Upgraded the game from 0.22-a0 to 0.22-a0-3-g4fa69d9
 18194 | D:15     | Entered Level 15 of the Dungeon
 18236 | D:14     | Reached skill level 5 in Stealth
 18446 | D:15     | Found Kelou's Book Shoppe.
 18772 | D:15     | Noticed Louise
 18818 | D:15     | Reached skill level 1 in Evocations
 18968 | D:15     | Reached skill level 5 in Evocations
 19003 | D:15     | Found a staircase to the Depths.
 19116 | D:15     | Reached XP level 14. HP: 60/85 MP: 17/34
 19689 | Depths:1 | Entered Level 1 of the Depths
 19697 | Depths:1 | Noticed a sphinx
 19701 | Depths:1 | Killed a sphinx
 19722 | Depths:1 | Noticed a stone giant
 19731 | Depths:1 | Killed a stone giant
 19731 | Depths:1 | Reached skill level 10 in Evocations
 19777 | Depths:1 | Noticed a stone giant
 19787 | Depths:1 | Killed a stone giant
 19792 | Depths:1 | Learned a level 3 spell: Mephitic Cloud
 19817 | Depths:1 | Noticed a stone giant
 19821 | Depths:1 | Killed a stone giant
 19825 | Depths:1 | Reached skill level 15 in Spellcasting
 19830 | Depths:1 | Found a gateway to Hell.
 19846 | Depths:1 | Noticed a stone giant
 19928 | Depths:1 | Noticed a spriggan defender
 19931 | Depths:1 | Noticed the Enchantress
 19931 | Depths:1 | Noticed a spriggan defender
 19936 | Depths:1 | Killed a spriggan defender
 19937 | Depths:1 | Killed the Enchantress
 19937 | Depths:1 | Reached skill level 16 in Spellcasting
 19938 | Depths:1 | Noticed a spriggan defender
 19939 | Depths:1 | Killed a spriggan defender
 19945 | Depths:1 | Killed a spriggan defender
 19953 | Depths:1 | Got faerie dragon scales
 19964 | Depths:1 | Identified the +2 faerie dragon scales {*Corrode +Inv rCorr Slay+5 Stlth+ Clar} (You took it off the Enchantress on level 1 of the Depths)
 19977 | Depths:1 | Found a one-way gate leading to the halls of Pandemonium.
 20025 | Depths:1 | Reached skill level 1 in Armour
 20057 | Depths:1 | Noticed a stone giant
 20065 | Depths:1 | Killed a stone giant
 20122 | Depths:1 | Noticed a green very ugly thing
 20123 | Depths:1 | Noticed a green very ugly thing
 20126 | Depths:1 | Noticed a green very ugly thing
 20126 | Depths:1 | Noticed a green very ugly thing
 20126 | Depths:1 | Noticed a green very ugly thing
 20127 | Depths:1 | Noticed a green very ugly thing
 20127 | Depths:1 | Noticed a cyan very ugly thing
 20128 | Depths:1 | Reached skill level 5 in Armour
 20130 | Depths:1 | Killed a green very ugly thing
 20130 | Depths:1 | Reached XP level 15. HP: 86/91 MP: 7/37
 20498 | Depths:1 | Reached skill level 10 in Fighting
 20527 | Depths:1 | Learned a level 3 spell: Ozocubu's Armour
 20804 | Depths:2 | Noticed a fire giant
 20929 | Depths:2 | Noticed Nikola
 21201 | Depths:2 | Killed from afar by Nikola

Vault maps used:
D:1:      shiori_arrival_whats_in_store_for_you
D:3:      first_ration, cheibrodos_sewer_entry_bend
D:5:      minmay_door_square, uniq_sigmund
D:7:      minmay_temple_entry_from_below_b
D:8:      lair_entry_dummy, uniq_maurice
D:9:      nicolae_tso_swordbearing_angel
D:10:     david_orc_1_choice, serial_shops, nicolae_shop_waterfront
D:11:     wad_lake_hut, uniq_sonja, uniq_erica
D:12:     uniq_harold, uniq_nessos
D:13:     grunt_livestock, kennysheep_cross_bottleneck, grunt_ministairs_11,
          cheibriados_altar_1
D:14:     erik_vaults_2, serial_glass, glass_columns_b, glass_columns_c,
          glass_columns_a, glass_columns_a, glass_columns_a, glass_columns_a,
          glass_columns_a, glass_columns_c, serial_shops, shop, shop,
          shop_coins, nemelex_xobeh_ov_fountains_minmay,
          minmay_misc_feat_diagonals
D:15:     grunt_enter_depths_magical_seal, serial_shops, shop, uniq_louise
Depths:1: hangedman_coc_ice_floe, hangedman_abyss_or_decor_lesser_grid,
          pan_entry, eino_tiny_chamber, basic_loot_grate_trap,
          kennysheep_inner_square, serial_bayou_shore_b, uniq_enchantress
Depths:2: kennysheep_room_grid, hell_entry, small_statue_intersection,
          roderic_serpentine_path, due_unseen_surprise, grunt_megastairs_4,
          infiniplex_staircase_pillars_2, uniq_nikola, uniq_jorgrun

Skill      XL: |  1  2  3  4  5  6  7  8  9 10 11 12 13 14 15 |
---------------+----------------------------------------------+-----
Conjurations   | 5 6 8 9 |  9.3
Spellcasting   | 5 6 9 13 14 16 | 16.3
Hexes          | 2 3 |  3.0
Fighting       | 1 2 4 5 7 9 10 | 10.3
Dodging        | 6 12 | 12.0
Shields        | 2 5 |  5.0
Necromancy     | 3 8 9 |  9.8
Earth Magic    | 4 |  4.6
Fire Magic     | 2 |  2.4
Stealth        | 8 |  8.0
Evocations     | 8 10 | 10.1
Armour         | 5 7 |  7.0

Action                   |  1- 3 |  4- 6 |  7- 9 | 10-12 | 13-15 || total
-------------------------+-------+-------+-------+-------+-------++-------
Melee: Short sword       |     2 |       |       |       |       ||     2
       Dagger            |       |    70 |    67 |   126 |    69 ||   332
       Trident           |       |       |    18 |       |       ||    18
       Scimitar          |       |       |       |    42 |       ||    42
       Falchion          |       |       |       |     3 |       ||     3
 Cast: Magic Dart        |    66 |    33 |    50 |    76 |    17 ||   242
       Searing Ray       |     3 |    17 |    21 |     3 |     2 ||    46
       Dazzling Spray    |       |     8 |    24 |   105 |    21 ||   158
       Fulminant Prism   |       |     3 |    44 |    22 |     1 ||    70
       Iskenderun's Myst |       |       |     1 |     8 |     2 ||    11
       Borgnjor's Vile C |       |       |       |    84 |    90 ||   174
       Animate Skeleton  |       |       |       |    17 |     5 ||    22
       Death Channel     |       |       |       |     1 |    14 ||    15
       Blink             |       |       |       |     4 |       ||     4
       Conjure Flame     |       |       |       |     2 |     1 ||     3
       Regeneration      |       |       |       |       |     5 ||     5
 Abil: Evoke Invisibilit |       |       |       |       |     3 ||     3
Evoke: Wand              |       |       |     4 |       |     2 ||     6
  Use: Scroll            |       |    11 |     6 |    17 |    10 ||    44
       Potion            |       |       |       |     1 |     2 ||     3
 Stab: Invisible         |       |     2 |     1 |    14 |     3 ||    20
       Sleeping          |       |     1 |     1 |     5 |     5 ||    12
  Eat: Chunk             |     1 |     6 |     9 |    23 |    11 ||    50
       Ration            |       |     1 |     5 |     3 |     2 ||    11
Armor: Robe              |     5 |    14 |    23 |    40 |    10 ||    92
       Troll leather arm |       |       |       |       |     1 ||     1
Dodge: Dodged            |    11 |    55 |   104 |   237 |    70 ||   477
Block: Buckler           |       |       |     2 |    82 |    25 ||   109
       Rpst.: Scimitar   |       |       |       |    15 |       ||    15

Table legend:
 A = Spawn XP
 B = Non-spawn XP
 C = Spawn XP percentage of total XP
 D = Spawn monster count
 E = Non-spawn monster count
 F = Spawn count percentage of total count
 G = Total turns spent on level
                    A         B        C        D         E        F      G
               +---------+---------+-------+---------+---------+-------+---------
         Total |       0 |  124413 |   0.0 |       0 |     521 |   0.0 | 21201
               +---------+---------+-------+---------+---------+-------+---------
           D:1 |       0 |      34 |   0.0 |       0 |      22 |   0.0 |   862
           D:2 |       0 |     144 |   0.0 |       0 |      34 |   0.0 |  1135
           D:3 |       0 |     372 |   0.0 |       0 |      30 |   0.0 |   959
           D:4 |       0 |      79 |   0.0 |       0 |      12 |   0.0 |  1648
           D:5 |       0 |    1337 |   0.0 |       0 |      38 |   0.0 |  2230
           D:6 |       0 |    1079 |   0.0 |       0 |      24 |   0.0 |  1212
           D:7 |       0 |     549 |   0.0 |       0 |      14 |   0.0 |   758
           D:8 |       0 |    2588 |   0.0 |       0 |      22 |   0.0 |  1130
           D:9 |       0 |    4231 |   0.0 |       0 |      44 |   0.0 |  1375
          D:10 |       0 |    2717 |   0.0 |       0 |      33 |   0.0 |  1711
          D:11 |       0 |    6607 |   0.0 |       0 |      40 |   0.0 |  2306
          D:12 |       0 |    8043 |   0.0 |       0 |      25 |   0.0 |   992
          D:13 |       0 |    5486 |   0.0 |       0 |      28 |   0.0 |  1091
          D:14 |       0 |   14439 |   0.0 |       0 |      29 |   0.0 |   895
          D:15 |       0 |   20379 |   0.0 |       0 |      37 |   0.0 |  1385
      Depths:1 |       0 |   52426 |   0.0 |       0 |      84 |   0.0 |  1394
      Depths:2 |       0 |    3903 |   0.0 |       0 |       5 |   0.0 |   118
               +---------+---------+-------+---------+---------+-------+---------
